 Dungeon Sprint DCSS version 0.20-a0-833-gc632bec (console) character file.

9100000 esc the Conqueror (level 27, -9/249 HPs)
             Began as a Demonspawn Warper on Mar 7, 2017.
             Was the Champion of Makhleb.
             Mangled by a destroyer
             ... wielding a +9 great sword of slicing
              (35 damage)
             ... in the Dungeon (Sprint VIII: "Arena of Blood").
             The game lasted 00:04:54 (91 turns).

esc the Conqueror (Demonspawn Warper)                 Turns: 91, Time: 00:04:55

Health: -9/249     AC:  6    Str: 13    XL:     27
Magic:  41/54      EV: 39    Int: 16    God:    Makhleb [******]
Gold:   0          SH:  0    Dex: 23    Spells: 80/80 levels left

rFire    + . .     SeeInvis +   l - +∞ Axe of Woe
rCold    . . .     Gourm    .   b - +0 leather armour
rNeg     + . .     Faith    .   (shield currently unavailable)
rPois    .         Spirit   .   (helmet unavailable)
rElec    .         Reflect  .   (no cloak)
rCorr    .         Harm     .   (no gloves)
MR       ++...     NoTele   +   (no boots)
Stlth    +++++++++.             (no amulet)
Regen    8.6/turn               (no ring)
MPRegen  0.4/turn               m - ring of protection from fire {rF+, !d}

@: repel missiles
A: antennae 3, repulsion field 3, foul stench 2, negative energy resistance 1,
powered by death 3, 50% torment resistance, black mark, rot immunity
a: Minor Destruction, Lesser Servant of Makhleb, Major Destruction, Greater
Servant of Makhleb, Renounce Religion


You were in the Dungeon.
You worshipped Makhleb.
Makhleb was exalted by your worship.
You were not hungry.

You visited 1 branch

Inventory:

Hand Weapons
 a - a +0 hand axe
 l - the +∞ Axe of Woe (weapon)
   (You found it in the Dungeon)
Missiles
 e - 5 tomahawks of dispersal {=f}
Armour
 b - a +0 leather armour (worn)
Jewellery
 m - a ring of protection from fire (left hand) {rF+, !d}
   (You found it in the Dungeon)
Scrolls
 d - 2 scrolls of blinking {!r}
Potions
 g - a potion of curing
 h - a potion of heal wounds
 i - a potion of haste
 j - 2 potions of magic
 k - a potion of berserk rage {!q}
Books
 c - a book of Spatial Translocations
Comestibles
 f - a bread ration {@e1}


   Skills:
 O Level 27 Fighting
 O Level 27 Axes
 O Level 27 Throwing
 O Level 27 Armour
 O Level 27 Dodging
 O Level 27 Stealth
 O Level 27 Unarmed Combat
 O Level 27 Spellcasting
   Level 2.6 Translocations
 O Level 27 Invocations


You had 80 spell levels left.
You didn't know any spells.

Dungeon Overview and Level Annotations

Branches:
Dungeon (1/1)

Altars:
Makhleb


Innate Abilities, Weirdness & Mutations

You have a pair of large antennae on your head. (SInv)
You are surrounded by a strong repulsion field. (EV +4, RMsl)
You frequently emit foul miasma when damaged in melee.
You resist negative energy. (rN+)
You regenerate a lot of health from kills.
You are somewhat able to resist unholy torments (1 in 2 success).
Your melee attacks may debilitate your foes.
You are immune to rotting.


Message History

You regained 11 hp, and now have 247/249 hp.
You hear a shout! x2
The bag of meat is engulfed in blazing flames.
You hear a shout!
The meat berserker is engulfed in blazing flames.
You hear a shout! x2
Health restored: 249 You hear a shout! x15
A meat berserker comes into view. It is wielding a +9 battleaxe.
You hear a shout! x4
The meat berserker rages.
You hear a shout! x2
A bag of meat comes into view. It is wielding a +9 war axe.
An orc, a hell beast and a vampire knight come into view.
The destroyer is wielding a +9 great sword of slicing.
You hear a shout! x12
A destroyer comes into view.
It is wielding a +9 great sword of slicing.
The destroyer shouts!
The bag of meat looks more healthy.
You hear a shout! x9
The destroyer blinks!
You hear a shout! 2 orcs come into view. 2 orcs and an ogre come into view.
The bag of meat shouts!
The meat berserker shouts!
You hear a shout! x12
The small abomination hits you but does no damage.
The destroyer hits you with a +9 great sword of slicing!!!!
You emit a cloud of foul miasma!
The destroyer bites you.
The destroyer draws strength from your injuries!
A hell beast and a skeletal warrior come into view.
You take 129 damage, and have 120/249 hp.
MASSIVE DAMAGE!!
Unknown command.
The meat beast trumpets!
You hit the destroyer.
You pulverise the destroyer into a thin bloody mist.
You destroy the destroyer!
Makhleb accepts your kill.
You feel better.
You hit the small abomination but do no damage.
You fatally mangle the small abomination.
You destroy the small abomination!
Makhleb accepts your kill.
You feel better.
You hear a shout! x2
The meat berserker rages.
The meat beast moves out of view.
The dread calls on the powers of darkness!
The bag of meat convulses!
The meat berserker convulses! x2
You feel a surge of unholy energy.
You hear a shout! x3
The accursed casts a spell at you. Something smites you!
You hear a shout! x2
A meat beast comes into view.
You regained 87 hp, and now have 207/249 hp.
Unknown command.
Unknown command.
An ogre, a greater mummy and a skeletal warrior come into view.
You hear a shout! x13
The sculptor of flesh moves out of view.
The meat berserker rages.
You hear a shout! x3
The meat berserker rages.
You hear a shout! x2
A bag of meat comes into view. It is wielding a +9 war axe.
You regained 8 hp, and now have 215/249 hp.
The destroyer shouts!
The bag of meat shouts! x2
The meat beast gurgles horribly!
You hit the meat berserker.
You hew the meat berserker savagely.
You kill the meat berserker!
Makhleb accepts your kill.
You feel better.
You hear a shout! x6
The meat berserker rages.
The accursed casts a spell at you. Something smites you!
The dread throws damnation at you.
The sphere of damnation explodes!
The damnation engulfs you!
You hear a shout!
The destroyer blinks!
You hear a shout!
A meat beast comes into view.
The meat beast roars deafeningly!
You hear two shouts!
Unknown command.
You take 19 damage, and have 196/249 hp.
Unknown command. 2 orcs come into view.
You hear a shout! x5
The meat berserker rages.
You hear a shout! x2
The bag of meat moves out of view.
The bag of meat hits you with a +9 war axe!!
The bag of meat looks sick.
The accursed points at you and mumbles some strange words.
Something smites you!
The destroyer hits you with a +9 great sword of slicing!!!!
Ouch! That really hurt!
* * * LOW HITPOINT WARNING * * *
You die...

#§o{......#.#.....o.........
#§)###...#.#.#...2{oWO......
#§§§.##...#.#.....#.o.z.
#...).#............oO...
#......M##.{..{..##§#.o.
####....x##.......2..M..
####..W...####..2.#..
####o....VO2o.....
####2O.@oo..... ####.......=
#########


You could see an accursed, 4 meat beasts, a destroyer, a large bag of meat
(inner flame), 2 dreads, 3 meat berserkers and 7 bags of meat.

Vanquished Creatures
  8 vampire knights (D)
  23 ogres (D)
  5 two-headed ogres (D)
  2 liches (D)
  65 orcs (D)
  A skeletal warrior (D)
  6 small abominations (D)
  4 crawling corpses (D)
114 creatures vanquished.

Vanquished Creatures (others)
  4 crawling corpses (D)
4 creatures vanquished.

Grand Total: 118 creatures vanquished

Notes
Turn   | Place    | Note
-------+----------+-------------------------------------------
     0 | D        | esc the Demonspawn Warper began the quest for the Orb.
     0 | D        | Reached XP level 1. HP: 16/16 MP: 3/3
     2 | D        | Noticed a bag of meat
     3 | D        | Noticed a bag of meat
     3 | D        | Became a worshipper of Makhleb the Destroyer
     4 | D        | Noticed a bag of meat
     6 | D        | Noticed a bag of meat
     7 | D        | Noticed a bag of meat
     9 | D        | Noticed a bag of meat
     9 | D        | Killed a bag of meat
     9 | D        | Reached skill level 14 in Fighting
     9 | D        | Reached skill level 13 in Axes
     9 | D        | Reached skill level 13 in Armour
     9 | D        | Reached skill level 13 in Dodging
     9 | D        | Gained mutation: You have a pair of small antennae on your head. [demonic ancestry]
     9 | D        | Reached XP level 2. HP: 43/43 MP: 5/5
     9 | D        | Gained mutation: You are surrounded by a mild repulsion field. (EV +2) [demonic ancestry]
     9 | D        | Reached XP level 3. HP: 49/49 MP: 6/6
     9 | D        | Reached XP level 4. HP: 56/56 MP: 7/7
     9 | D        | Reached XP level 5. HP: 62/62 MP: 8/8
     9 | D        | Reached XP level 6. HP: 69/69 MP: 9/9
     9 | D        | Gained mutation: You have a pair of antennae on your head. [demonic ancestry]
     9 | D        | Reached XP level 7. HP: 75/75 MP: 10/10
     9 | D        | Gained mutation: You regenerate a little health from kills. [demonic ancestry]
     9 | D        | Reached XP level 8. HP: 82/82 MP: 11/11
     9 | D        | Reached XP level 9. HP: 88/88 MP: 12/12
     9 | D        | Gained mutation: You are surrounded by a moderate repulsion field. (EV +3) [demonic ancestry]
     9 | D        | Reached XP level 10. HP: 95/95 MP: 13/13
     9 | D        | Gained mutation: You are surrounded by a strong repulsion field. (EV +4, RMsl) [demonic ancestry]
     9 | D        | Reached XP level 11. HP: 101/101 MP: 14/14
     9 | D        | Killed a bag of meat
     9 | D        | Reached * piety under Makhleb
     9 | D        | Reached skill level 16 in Fighting
     9 | D        | Reached skill level 15 in Axes
     9 | D        | Reached skill level 15 in Armour
     9 | D        | Reached skill level 15 in Dodging
     9 | D        | Reached XP level 12. HP: 113/113 MP: 15/15
    10 | D        | Noticed a bag of meat
    10 | D        | Noticed a bag of meat
    10 | D        | Noticed a bag of meat
    11 | D        | Noticed a bag of meat
    12 | D        | Noticed a bag of meat
    14 | D        | Noticed a bag of meat
    15 | D        | Noticed a meat berserker
    15 | D        | Noticed a bag of meat
    15 | D        | Noticed a meat berserker
    16 | D        | Noticed a bag of meat
    16 | D        | Noticed a bag of meat
    16 | D        | Noticed a bag of meat
    16 | D        | Noticed a large bag of meat
    16 | D        | Noticed a bag of meat
    16 | D        | Noticed a bag of meat
    17 | D        | Noticed a bag of meat
    17 | D        | Noticed a bag of meat
    17 | D        | Noticed a bag of meat
    18 | D        | Noticed a meat berserker
    18 | D        | Noticed a bag of meat
    18 | D        | Noticed a meat berserker
    18 | D        | Noticed a meat berserker
    18 | D        | Killed a meat berserker
    18 | D        | Reached skill level 19 in Fighting
    18 | D        | Reached skill level 18 in Axes
    18 | D        | Reached skill level 17 in Armour
    18 | D        | Reached skill level 18 in Dodging
    18 | D        | Reached XP level 13. HP: 125/125 MP: 16/16
    18 | D        | Gained mutation: You resist negative energy. (rN+) [demonic ancestry]
    18 | D        | Reached XP level 14. HP: 133/133 MP: 17/17
    18 | D        | Killed a bag of meat
    18 | D        | Reached skill level 20 in Fighting
    18 | D        | Reached skill level 18 in Armour
    18 | D        | Killed a bag of meat
    18 | D        | Reached ** piety under Makhleb
    18 | D        | Reached skill level 21 in Fighting
    18 | D        | Reached skill level 19 in Axes
    18 | D        | Reached skill level 19 in Armour
    18 | D        | Reached skill level 19 in Dodging
    18 | D        | Gained mutation: You are immune to rotting. [demonic ancestry]
    18 | D        | Reached XP level 15. HP: 144/144 MP: 18/18
    19 | D        | Reached skill level 22 in Fighting
    19 | D        | Reached skill level 20 in Axes
    19 | D        | Reached skill level 20 in Armour
    19 | D        | Reached skill level 20 in Dodging
    19 | D        | Reached skill level 21 in Axes
    19 | D        | Reached skill level 21 in Armour
    19 | D        | Reached skill level 21 in Dodging
    19 | D        | Reached *** piety under Makhleb
    19 | D        | Reached skill level 23 in Fighting
    19 | D        | Gained mutation: You have a pair of large antennae on your head. (SInv) [demonic ancestry]
    19 | D        | Reached XP level 16. HP: 157/157 MP: 19/19
    19 | D        | Killed a meat berserker
    19 | D        | Reached skill level 24 in Fighting
    19 | D        | Reached skill level 23 in Axes
    19 | D        | Reached skill level 23 in Armour
    19 | D        | Reached skill level 23 in Dodging
    19 | D        | Reached skill level 25 in Fighting
    19 | D        | Gained mutation: You may emit foul miasma when damaged in melee. [demonic ancestry]
    19 | D        | Reached XP level 17. HP: 169/169 MP: 20/20
    20 | D        | Reached skill level 26 in Fighting
    20 | D        | Reached skill level 24 in Axes
    20 | D        | Reached skill level 24 in Armour
    20 | D        | Reached skill level 24 in Dodging
    20 | D        | Reached **** piety under Makhleb
    20 | D        | Reached skill level 27 in Fighting
    20 | D        | Reached skill level 25 in Axes
    20 | D        | Reached skill level 25 in Armour
    20 | D        | Reached skill level 25 in Dodging
    20 | D        | Reached skill level 26 in Axes
    20 | D        | Reached skill level 26 in Armour
    20 | D        | Reached skill level 26 in Dodging
    20 | D        | Gained mutation: You frequently emit foul miasma when damaged in melee. [demonic ancestry]
    20 | D        | Reached XP level 18. HP: 182/182 MP: 21/21
    20 | D        | Reached ***** piety under Makhleb
    21 | D        | Noticed a destroyer
    22 | D        | Killed a meat berserker
    22 | D        | Reached skill level 27 in Axes
    22 | D        | Reached skill level 27 in Armour
    22 | D        | Reached skill level 27 in Dodging
    22 | D        | Reached skill level 8 in Throwing
    22 | D        | Reached skill level 9 in Stealth
    22 | D        | Reached skill level 8 in Unarmed Combat
    22 | D        | Reached skill level 8 in Spellcasting
    22 | D        | Reached skill level 11 in Invocations
    22 | D        | Reached skill level 10 in Throwing
    22 | D        | Reached skill level 11 in Stealth
    22 | D        | Reached skill level 10 in Unarmed Combat
    22 | D        | Reached skill level 10 in Spellcasting
    22 | D        | Reached skill level 14 in Invocations
    22 | D        | Reached XP level 19. HP: 189/189 MP: 21/33
    22 | D        | Reached skill level 12 in Throwing
    22 | D        | Reached skill level 12 in Stealth
    22 | D        | Reached skill level 11 in Unarmed Combat
    22 | D        | Reached skill level 12 in Spellcasting
    22 | D        | Reached skill level 16 in Invocations
    22 | D        | Reached skill level 13 in Throwing
    22 | D        | Reached skill level 14 in Stealth
    22 | D        | Reached skill level 13 in Unarmed Combat
    22 | D        | Reached skill level 13 in Spellcasting
    22 | D        | Reached skill level 17 in Invocations
    23 | D        | Noticed a destroyer
    23 | D        | Killed a meat berserker
    23 | D        | Reached skill level 15 in Throwing
    23 | D        | Reached skill level 16 in Stealth
    23 | D        | Reached skill level 15 in Unarmed Combat
    23 | D        | Reached skill level 15 in Spellcasting
    23 | D        | Reached skill level 20 in Invocations
    23 | D        | Reached skill level 16 in Throwing
    23 | D        | Reached skill level 17 in Stealth
    23 | D        | Reached skill level 16 in Unarmed Combat
    23 | D        | Reached skill level 16 in Spellcasting
    23 | D        | Reached skill level 21 in Invocations
    24 | D        | Noticed a meat berserker
    24 | D        | Noticed a meat berserker
    24 | D        | Reached ****** piety under Makhleb
    24 | D        | Reached skill level 17 in Throwing
    24 | D        | Reached skill level 18 in Stealth
    24 | D        | Reached skill level 17 in Unarmed Combat
    24 | D        | Reached skill level 17 in Spellcasting
    24 | D        | Reached skill level 22 in Invocations
    24 | D        | Gained mutation: You are somewhat able to resist unholy torments (1 in 2 success). [demonic ancestry]
    24 | D        | Reached XP level 20. HP: 197/197 MP: 21/41
    24 | D        | Killed a meat berserker
    24 | D        | Reached skill level 18 in Throwing
    24 | D        | Reached skill level 20 in Stealth
    24 | D        | Reached skill level 18 in Unarmed Combat
    24 | D        | Reached skill level 18 in Spellcasting
    24 | D        | Reached skill level 24 in Invocations
    24 | D        | Reached skill level 19 in Throwing
    24 | D        | Reached skill level 19 in Unarmed Combat
    24 | D        | Reached skill level 19 in Spellcasting
    24 | D        | Reached skill level 25 in Invocations
    24 | D        | Killed a large bag of meat
    24 | D        | Reached skill level 20 in Throwing
    24 | D        | Reached skill level 22 in Stealth
    24 | D        | Reached skill level 20 in Unarmed Combat
    24 | D        | Reached skill level 20 in Spellcasting
    24 | D        | Reached skill level 27 in Invocations
    25 | D        | Noticed a meat berserker
    26 | D        | Noticed a meat berserker
    27 | D        | Noticed a destroyer
    28 | D        | Noticed a destroyer
    28 | D        | Killed a destroyer
    28 | D        | Reached skill level 22 in Throwing
    28 | D        | Reached skill level 24 in Stealth
    28 | D        | Reached skill level 22 in Unarmed Combat
    28 | D        | Reached skill level 22 in Spellcasting
    28 | D        | Reached XP level 21. HP: 183/204 MP: 22/47
    28 | D        | Reached skill level 23 in Throwing
    28 | D        | Reached skill level 23 in Unarmed Combat
    28 | D        | Reached skill level 23 in Spellcasting
    28 | D        | Reached skill level 25 in Stealth
    28 | D        | Reached skill level 24 in Throwing
    28 | D        | Reached skill level 24 in Unarmed Combat
    28 | D        | Reached skill level 24 in Spellcasting
    28 | D        | Reached skill level 26 in Stealth
    28 | D        | Gained mutation: Your melee attacks may debilitate your foes. [demonic ancestry]
    28 | D        | Reached XP level 22. HP: 212/212 MP: 22/50
    28 | D        | Reached skill level 25 in Throwing
    28 | D        | Reached skill level 27 in Stealth
    28 | D        | Reached skill level 25 in Unarmed Combat
    28 | D        | Reached skill level 25 in Spellcasting
    30 | D        | Reached skill level 26 in Throwing
    30 | D        | Reached skill level 26 in Unarmed Combat
    30 | D        | Reached skill level 26 in Spellcasting
    30 | D        | Reached skill level 27 in Throwing
    30 | D        | Reached skill level 27 in Unarmed Combat
    30 | D        | Reached skill level 27 in Spellcasting
    30 | D        | Reached XP level 23. HP: 219/219 MP: 22/54
    30 | D        | Noticed a large bag of meat
    31 | D        | Killed a destroyer
    31 | D        | Gained mutation: You regenerate health from kills. [demonic ancestry]
    31 | D        | Reached XP level 24. HP: 227/227 MP: 23/54
    33 | D        | Noticed a destroyer
    34 | D        | Noticed a large bag of meat
    34 | D        | Killed a destroyer
    34 | D        | Reached XP level 25. HP: 234/234 MP: 24/54
    35 | D        | Killed a destroyer
    35 | D        | Reached XP level 26. HP: 242/242 MP: 24/54
    37 | D        | Noticed a destroyer
    39 | D        | Noticed a large bag of meat
    41 | D        | Noticed a large bag of meat
    46 | D        | Gained mutation: You regenerate a lot of health from kills. [demonic ancestry]
    46 | D        | Reached XP level 27. HP: 249/249 MP: 27/54
    47 | D        | Killed a destroyer
    48 | D        | Noticed a destroyer
    51 | D        | Noticed a tyrant
    51 | D        | Killed a large bag of meat
    54 | D        | Killed a large bag of meat
    54 | D        | Killed a large bag of meat
    56 | D        | Noticed a tyrant
    57 | D        | Noticed an accursed
    58 | D        | Killed a destroyer
    60 | D        | Noticed a tyrant
    61 | D        | Noticed an accursed
    62 | D        | Killed a tyrant
    66 | D        | Killed a destroyer
    72 | D        | Killed a tyrant
    73 | D        | Noticed a dread
    76 | D        | Killed a large bag of meat
    85 | D        | Noticed a destroyer
    85 | D        | Noticed a meat beast
    86 | D        | Noticed a destroyer
    88 | D        | Noticed a meat beast
    88 | D        | Killed a destroyer
    89 | D        | Noticed a meat beast
    89 | D        | Noticed an accursed
    90 | D        | Noticed a meat beast
    91 | D        | HP: 26/249 [destroyer/+9 great sword of slicing (135)]
    91 | D        | Mangled by a destroyer

Vault maps used:
D:        meatsprint

Skill      XL: |  1  2  3  4  5  6  7  8  9 10 11 12 13 14 15 16 17 18 19 20 21 22 |
---------------+-------------------------------------------------------------------+-----
Fighting       | 14 16 19 21 23 25 27 | 27.0
Axes           | 13 15 18 19 21 23 26 27 | 27.0
Armour         | 13 15 17 19 21 23 26 27 | 27.0
Dodging        | 13 15 18 19 21 23 26 27 | 27.0
Throwing       | 10 17 22 24 27 | 27.0
Stealth        | 11 18 24 26 27 | 27.0
Unarmed Combat | 10 17 22 24 27 | 27.0
Spellcasting   | 10 17 22 24 27 | 27.0
Invocations    | 14 22 27 | 27.0
Translocations | |  2.6

Action                   |  1- 3 |  4- 6 |  7- 9 | 10-12 | 13-15 | 16-18 | 19-21 | 22-24 | 25-27 || total
-------------------------+-------+-------+-------+-------+-------+-------+-------+-------+-------++-------
Melee: Executioner's axe |     1 |       |       |     1 |     1 |     2 |     3 |     4 |    23 ||    35
Armor: Leather armour    |       |       |       |       |       |       |       |       |     1 ||     1
Dodge: Dodged            |       |       |       |       |       |     1 |     2 |     1 |    14 ||    18

Vault maps used:
D:        meatsprint

Table legend:
 A = Turns spent in this place as a percentage of turns spent in the entire game.
 B = Non-inter-level travel turns spent in this place as a percentage of non-inter-level travel turns spent in the entire game.
 C = Inter-level travel turns spent in this place as a percentage of turns spent in this place.
 D = Turns resting spent in this place as a percentage of non-inter-level travel turns spent in this place.
 E = Turns spent auto-exploring this place as a percentage of non-inter-level travel turns spent in this place.
 F = Non-inter-level travel turns spent in this place divided by the number of levels of this place that you've seen.
                   A       B       C       D       E      F
               +-------+-------+-------+-------+-------+----------------------
         Total | 100.0 | 100.0 |   0.0 |   0.0 |   0.0 | 154.0
       Dungeon | 100.0 | 100.0 |   0.0 |   0.0 |   0.0 | 154.0
               +-------+-------+-------+-------+-------+----------------------

Table legend:
 A = Kills in this place as a percentage of kills in entire the game.
 B = Kills by you in this place as a percentage of kills by you in the entire game.
 C = Kills by friends in this place as a percentage of kills by friends in the entire game.
 D = Other kills in this place as a percentage of other kills in the entire game.
 E = Experience gained in this place as a percentage of experience gained in the entire game.
 F = Experience gained in this place divided by the number of levels of this place that you have seen.
                   A       B       C       D       E      F
               +-------+-------+-------+-------+-------+----------------------
         Total | 100.0 | 100.0 |  -nan |  -nan | 100.0 | 2738309.0
       Dungeon | 100.0 | 100.0 |  -nan |  -nan | 100.0 | 2738309.0
               +-------+-------+-------+-------+-------+----------------------
